 Dungeon Sprint DCSS version 0.27.1-2-g3b301248ec (webtiles) character file.

Game seed: 6333479463890797882

3309 Mesmaeker13 the Carver (level 9, -1/93 HPs)
             Began as a Minotaur Berserker on Sept 26, 2021.
             Was an Elder of Trog.
             Slain by a sixfirhy (10 damage)
             ... summoned by a kobold demonologist
             ... in the Dungeon (Sprint I: "Red Sonja").
             The game lasted 00:04:15 (1821 turns).

Mesmaeker13 the Carver (Minotaur Berserker)         Turns: 1821, Time: 00:04:15

Health: -1/93      AC:  7    Str: 22    XL:     9   Next: 70%
Magic:  17/17      EV: 17    Int:  4    God:    Trog [****..]
Gold:   348        SH:  0    Dex: 13    Spells: 8/8 levels left

rFire    . . .     SeeInvis .   a - +0 falchion
rCold    . . .     Faith    .   (no shield)
rNeg     . . .     Spirit   .   i - +0 leather armour
rPois    .         Reflect  .   (helmet restricted)
rElec    .         Harm     .   (no cloak)
rCorr    .         Rampage  .   (no gloves)
Will     .....     NoTele   +   o - +1 pair of boots {Stlth+}
Stlth    ++........             (no amulet)
HPRegen  0.25/turn              m - ring of magical power
MPRegen  0.15/turn              (no ring)

@: on berserk cooldown, slowed, very slow
A: horns 2, retaliatory headbutt
a: Renounce Religion, Berserk, Trog's Hand, Brothers in Arms


You were in the Dungeon.
You worshipped Trog.
Trog was greatly pleased with you.
You visited 1 branch You collected 621 gold pieces.
You spent 273 gold pieces at shops.

Inventory:

Hand Weapons
 a - a +0 falchion (weapon)
Missiles
 l - a curare-tipped dart (quivered)
Armour
 b - a +1 robe of fire resistance
 i - a +0 leather armour (worn)
 o - a +1 pair of boots of stealth (worn)
Jewellery
 m - a ring of magical power (left hand)
Wands
 k - a wand of polymorph (2)
Scrolls
 d - 3 scrolls of identify {unknown}
 h - a scroll of blinking
 j - a scroll of magic mapping {unknown}
 n - a scroll of enchant armour {unknown}
Potions
 c - 2 potions of curing
 e - a potion of haste
 f - 3 potions of magic
 g - a potion of attraction {unknown}


   Skills:
 + Level 13.5 Fighting
 + Level 13.6 Long Blades
 + Level 13.3 Armour
 + Level 12.4 Dodging


You had 8 spell levels left.
You didn't know any spells.
Your spell library was empty.

Dungeon Overview and Level Annotations

Branches:
Dungeon (1/1)

Altars:
Cheibriados
Dithmenos
Elyvilon
Fedhas
Gozag
Hepliaklqana
Kikubaaqudgha
Makhleb
Nemelex Xobeh
Okawaru
Qazlal
Ru
Sif Muna
Trog
Uskayaw
Vehumet
Wu Jian
Xom
Yredelemnul
Zin
The Shining One
Jiyva
Lugonu

Shops:
D **


Innate Abilities, Weirdness & Mutations

You have a pair of horns on your head.
You reflexively headbutt those who attack you in melee.


Message History

Trog accepts your kill. The sixfirhy hits you. The sixfirhy shocks you!
You miss the sixfirhy. You headbutt the sixfirhy.
The sixfirhy is lightly wounded.
The sixfirhy misses you.
You riposte.
You barely miss the sixfirhy. Your headbutt misses the sixfirhy.
The sixfirhy is lightly wounded.
Unknown command.
You hit the kobold demonologist. You headbutt the kobold demonologist!
The kobold demonologist is severely wounded.
The sixfirhy hits you. The sixfirhy shocks you!
The sixfirhy closely misses you.
You riposte.
You hit the sixfirhy.
The sixfirhy is lightly wounded.
The kobold demonologist miscasts a cantrip.
You completely miss the kobold demonologist.
Your headbutt misses the kobold demonologist.
The kobold demonologist is severely wounded.
You are no longer berserk.
You are exhausted.
You feel yourself slow down.
You hit the kobold demonologist.
The kobold demonologist is severely wounded.
The kobold demonologist hits you with a +0 dagger.
Unknown command.
You hit the kobold demonologist.
Your headbutt misses the kobold demonologist.
The kobold demonologist is almost dead.
The kobold demonologist looks satisfied for a moment.
You hit the kobold demonologist.
The kobold demonologist is almost dead.
The sixfirhy hits you. The sixfirhy shocks you!
* * * LOW HITPOINT WARNING * * *
The sixfirhy hits you.
* * * LOW HITPOINT WARNING * * *
The sixfirhy shocks you!
* * * LOW HITPOINT WARNING * * *
The sixfirhy hits you.
* * * LOW HITPOINT WARNING * * *
The sixfirhy shocks you!
You die...

#####################
.').#..'..#__#..@K§§#
[#..'..#..'..'..#3.§#
###'#####'#__####§..+
##..#...#.####§.#####
_####..##.#≈§§§§#
____##'#_.'≈§§§§+
.∩...'.)._#≈≈§§.#
..__##_.#'##'####
____###'#.#§)..#


You could see a kobold demonologist and a sixfirhy (summoned).

Vanquished Creatures
  2 centaur warriors (D)
  Sonja (D)
  A deep troll (D)
  A kobold demonologist (D)
  A slime creature (D)
  Sigmund (D)
  A yak (D)
  A floating eye (D)
  An ogre (D)
  A jelly (D)
  Ijyb (D)
12 creatures vanquished.

Notes
Turn   | Place    | Note
-------+----------+-------------------------------------------
     0 | D        | Mesmaeker13 the Minotaur Berserker began the quest for the
                  | Orb.
     0 | D        | Reached XP level 1. HP: 19/19 MP: 0/0
     1 | D        | Noticed Ijyb
     9 | D        | Killed Ijyb
    10 | D        | Reached XP level 2. HP: 8/28 MP: 1/1
   329 | D        | Noticed an ogre
   334 | D        | Killed an ogre
   335 | D        | Reached skill level 5 in Armour
   335 | D        | Reached skill level 5 in Dodging
   335 | D        | Reached XP level 3. HP: 13/38 MP: 2/2
   335 | D        | Reached XP level 4. HP: 16/45 MP: 3/3
   564 | D        | Noticed Sigmund
   598 | D        | Killed Sigmund
   598 | D        | Reached ** piety under Trog
   599 | D        | Reached XP level 5. HP: 41/53 MP: 4/4
   663 | D        | Found a shimmering blue altar of Sif Muna.
   664 | D        | Found an ornate altar of the Wu Jian Council.
   665 | D        | Found a radiant altar of Vehumet.
   670 | D        | Reached XP level 6. HP: 58/62 MP: 5/5
   712 | D        | Found a burning altar of Makhleb.
   712 | D        | Found a viscous altar of Jiyva.
   712 | D        | Found a shimmering altar of Xom.
   712 | D        | Found a corrupted altar of Lugonu.
   712 | D        | Noticed a slime creature
   724 | D        | Killed a slime creature
   841 | D        | Noticed a centaur warrior
   851 | D        | Noticed Sonja
   866 | D        | Killed Sonja
   866 | D        | Reached *** piety under Trog
   867 | D        | Reached skill level 10 in Armour
   867 | D        | Reached XP level 7. HP: 18/74 MP: 6/6
   867 | D        | Reached XP level 8. HP: 20/82 MP: 7/7
  1123 | D        | Noticed a deep troll
  1138 | D        | Killed a deep troll
  1139 | D        | Reached skill level 10 in Dodging
  1408 | D        | Noticed a centaur warrior
  1419 | D        | Killed a centaur warrior
  1420 | D        | Reached XP level 9. HP: 72/92 MP: 8/8
  1432 | D        | Killed a centaur warrior
  1432 | D        | Reached **** piety under Trog
  1692 | D        | Found Loffucicvi's General Store.
  1692 | D        | Found an ancient bone altar of Kikubaaqudgha.
  1692 | D        | Found a hazy altar of Hepliaklqana.
  1692 | D        | Found a stormy altar of Qazlal.
  1692 | D        | Found a hide-covered altar of Uskayaw.
  1692 | D        | Found a blossoming altar of Fedhas.
  1692 | D        | Found a bloodstained altar of Trog.
  1692 | D        | Found an iron altar of Okawaru.
  1692 | D        | Found a basalt altar of Yredelemnul.
  1692 | D        | Found a glowing golden altar of the Shining One.
  1692 | D        | Found a snail-covered altar of Cheibriados.
  1692 | D        | Found a sacrificial altar of Ru.
  1692 | D        | Found a glowing silver altar of Zin.
  1692 | D        | Found a shadowy altar of Dithmenos.
  1692 | D        | Found a white marble altar of Elyvilon.
  1697 | D        | Found an opulent altar of Gozag.
  1698 | D        | Found a sparkling altar of Nemelex Xobeh.
  1702 | D        | Bought a +1 pair of boots of stealth for 231 gold pieces
  1702 | D        | Bought a potion of curing for 42 gold pieces
  1755 | D        | Found Ridysunitt's Assorted Antiques.
  1795 | D        | Noticed a kobold demonologist
  1796 | D        | Noticed a kobold demonologist
  1801 | D        | Noticed a rust devil
  1803 | D        | Paralysed by a floating eye for 3 turns
  1805 | D        | Noticed a sixfirhy
  1810 | D        | Paralysed by a floating eye for 3 turns
  1814 | D        | Noticed a hellwing
  1814 | D        | Killed a kobold demonologist
  1821 | D        | Slain by a sixfirhy

Illustrated notes

Levels and vault maps discovered:
D:        dungeon_sprint_1 [red_sonja_temple_1, red_sonja_temple_small_1]

Skill      XL: |  1  2  3  4  5  6  7  8  9 |
---------------+----------------------------+-----
Fighting       | 4 6 8 11 12 13 | 13.5
Long Blades    | 4 6 8 11 12 13 | 13.6
Armour         | 4 5 7 8 10 12 13 | 13.3
Dodging        | 3 5 7 9 11 12 | 12.4

Action                   |  1- 3 |  4- 6 |  7- 9 || total
-------------------------+-------+-------+-------++-------
Melee: Falchion          |    10 |    25 |    51 ||    86
       Headbutt          |     3 |     6 |    13 ||    22
Throw: Dart              |       |       |     3 ||     3
Invok: Berserk           |     1 |     1 |     2 ||     4
  Use: Potion            |       |     2 |       ||     2
Armor: Leather armour    |       |     1 |    17 ||    18
Dodge: Dodged            |     3 |    26 |    31 ||    60
       Rpst.: Falchion   |     1 |     4 |     9 ||    14
